 Dungeon Crawl Stone Soup version 0.27-a0-1312-g5cdb2b3542 (webtiles) character file.

Game seed: 2275174852616445318

394 hatdisgam the Shield-Bearer (level 7, -3/52 HPs)
             Began as a Formicid Fighter on June 19, 2021.
             Slain by a troll (9 damage)
             ... on level 9 of the Dungeon.
             The game lasted 00:05:30 (4995 turns).

hatdisgam the Shield-Bearer (Formicid Fighter)      Turns: 4995, Time: 00:05:30

Health: -3/52      AC:  6    Str: 27    XL:     7   Next: 8%
Magic:  7/7        EV:  9    Int:  9    God:
Gold:   291        SH: 10    Dex: 10    Spells: 6/6 levels left

rFire    . . .     SeeInvis +   v - +1 dagger (venom)
rCold    + . .     Faith    .   c - +0 kite shield
rNeg     . . .     Spirit   .   b - +0 scale mail
rPois    .         Reflect  .   (helmet unavailable)
rElec    .         Harm     .   (no cloak)
rCorr    .         Rampage  .   (no gloves)
Will     .....                  (no boots)
Stlth    ..........             (no amulet)
HPRegen  0.17/turn              d - +6 ring of strength
MPRegen  0.10/turn              f - ring of protection from cold

@: attractive
A: permanent stasis, dig shafts and tunnels, antennae 3, four strong arms
a: Dig, Shaft Self


You were on level 9 of the Dungeon.
You visited 1 branch of the dungeon, and saw 8 of its levels.

You collected 291 gold pieces.

Inventory:

Hand Weapons
 a - a +0 war axe
 u - a +1 dagger of speed
 v - a +1 dagger of venom (weapon)
 y - a +2 dagger of draining
Missiles
 w - 5 boomerangs of dispersal
Armour
 b - a +0 scale mail (worn)
 c - a +0 kite shield (worn)
Jewellery
 d - a +6 ring of strength (left hand)
 f - a ring of protection from cold (right hand)
 x - a ring of magical power
Scrolls
 i - a scroll of fear {unknown}
 l - 3 scrolls of identify {unknown}
 o - a scroll of amnesia {unknown}
 q - a scroll of noise {unknown}
 r - 3 scrolls of teleportation {unknown}
 s - a scroll of immolation {unknown}
 z - a scroll of magic mapping {unknown}
Potions
 g - a potion of brilliance {unknown}
 h - a potion of degeneration {unknown}
 j - a potion of curing
 k - 2 potions of attraction
 m - a potion of invisibility {unknown}
 n - a potion of flight {unknown}
 p - a potion of heal wounds {unknown}
 t - a potion of cancellation {unknown}
 A - a potion of mutation {unknown}


   Skills:
 - Level 3.2 Fighting
 * Level 3.8 Short Blades
 - Level 3.1 Axes
 - Level 3.2 Armour
 + Level 2.7 Dodging
 + Level 5.5 Shields


You had 6 spell levels left.
You didn't know any spells.
Your spell library contained the following spells:

 Spells                   Type           Power      Damage    Failure   Level
 Foxfire                  Conj/Fire      0%         2x1d4     88%         1
 Conjure Flame            Conj/Fire      0%         6-21      99%         3
 Inner Flame              Hex/Fire       0%         N/A       99%         3
 Sticky Flame             Conj/Fire      0%         2d3       100%        4
 Fireball                 Conj/Fire      0%         3d3       100%        5


Dungeon Overview and Level Annotations

Branches:
Dungeon (10/15)
 Temple: D:4-7         Lair: D:8-11         Orc: D:9-12

Altars:

Annotations:
D:1 Terence


Innate Abilities, Weirdness & Mutations

You cannot be hasted, slowed, berserked, paralysed or teleported.
You can dig through walls and to a lower floor.
You have a pair of large antennae on your head. (SInv)
Your four strong arms can wield two-handed weapons with a shield.


Message History

You barely miss the killer bee.
The killer bee is almost dead.
You block the killer bee's attack.
The killer bee stings you but does no damage.
You miss the killer bee.
The killer bee is almost dead.
You kill the killer bee!
You have reached level 7!
You start resting.
You sense a monster nearby.
You start resting.
A wyvern comes into view.
There is an open door here.
HP restored.
A troll comes into view.
The troll shouts!
You aren't carrying any items that you can evoke.
Unknown command.
Okay, then.
It was a potion of berserk rage.
Your stasis prevents you from going berserk.
You closely miss the troll. The troll bites you! You block the troll's attack.
The troll claws you.
You hit the troll.
The troll is lightly wounded.
The troll bites you but does no damage. You block the troll's attack.
The troll claws you but does no damage.
You hit the troll.
The troll is poisoned.
The troll is lightly wounded.
The troll bites you! You block the troll's attack. x2
You hit the troll.
The troll looks as sick as possible!
The troll is moderately wounded.
The troll bites you!
* * * LOW HITPOINT WARNING * * *
The troll closely misses you. The troll claws you!
* * * LOW HITPOINT WARNING * * *
It was a potion of attraction.
You feel attractive to monsters. The troll bites you!
You die...

#.##...#.#
#.##...#.#
#.######.#
#.# .# #.#
.# #.# #.#
#.# #@#
#T# #.#
#.# #.#
#.. ###


You could see a troll (extremely poisoned).

Vanquished Creatures
  2 scorpions
  A killer bee (D:9)
  A bullfrog zombie (D:4)
  A jelly (D:4)
  A hound (D:4)
  An orc wizard (D:3)
  2 adders (D:3)
  A white imp (D:5)
  4 worms
  A dart slug (D:2)
  8 orcs (D:3)
  9 endoplasms
  4 giant cockroaches
  5 goblins
  4 hobgoblins
  2 jackals (D:3)
  2 quokkas
  5 ball pythons
  9 bats
  A frilled lizard (D:2)
  7 kobolds
  7 rats
78 creatures vanquished.

Notes
Turn   | Place    | Note
-------+----------+-------------------------------------------
     0 | D:1      | hatdisgam the Formicid Fighter began the quest for the Orb.
     0 | D:1      | Reached XP level 1. HP: 18/18 MP: 1/1
   191 | D:1      | Reached XP level 2. HP: 24/24 MP: 2/2
   641 | D:1      | Reached skill level 4 in Shields
   641 | D:1      | Reached XP level 3. HP: 25/29 MP: 3/3
   779 | D:1      | Found a faded altar of an unknown god.
   949 | D:2      | Noticed Terence
   956 | D:1      | You fall into a shaft and drop 1 floor!
  1226 | D:2      | Reached skill level 1 in Dodging
  2040 | D:2      | Reached XP level 4. HP: 34/35 MP: 4/4
  2101 | D:3      | Noticed a scorpion
  2101 | D:3      | Noticed a scorpion
  2111 | D:2      | Killed a scorpion
  2112 | D:2      | Reached skill level 1 in Short Blades
  2112 | D:2      | Reached XP level 5. HP: 4/41 MP: 5/5
  3497 | D:3      | Reached XP level 6. HP: 47/47 MP: 6/6
  3570 | D:3      | Reached skill level 5 in Shields
  4095 | D:4      | Noticed a water moccasin
  4103 | D:4      | You fall into a shaft and drop 1 floor!
  4103 | D:5      | Entered Level 5 of the Dungeon
  4683 | D:4      | You fall into a shaft and drop 3 floors!
  4687 | D:7      | Noticed a two-headed ogre
  4692 | D:7      | You fall into a shaft and drop 3 floors!
  4692 | D:10     | Entered Level 10 of the Dungeon
  4767 | D:9      | Reached XP level 7. HP: 15/52 MP: 7/7
  4953 | D:9      | Noticed a wyvern
  4987 | D:9      | Noticed a troll
  4995 | D:9      | Slain by a troll

Illustrated notes

Levels and vault maps discovered:
D:1:      psy_arrival_basics, layout_basic,
          hellmonk_ecumenical_altar_slurped_away, minmay_split_cup_large
D:2:      layout_basic, serial_corexii_hall, corexii_hall_statues_l,
          corexii_hall_statues_x, corexii_hall_statues_l,
          chequers_hall_statues_corner_a, uniq_terence
D:3:      layout_loops_corners, chequers_serial_rivers_large_b,
          grunt_ministairs_1
D:4:      layout_basic, serial_glass, glass_columns_a, glass_columns_a,
          uniq_grinder
D:5:      layout_rooms, kennysheep_ying_yang, uniq_eustachio
D:7:      layout_gridville, grunt_temple_overflow_open,
          minmay_temple_entry_junction_2, minivault_25, uniq_joseph
D:9:      layout_basic, lemuel_tele_altar, uniq_pikel, uniq_psyche
D:10:     layout_loops_ring, uniq_maurice

Skill      XL: |  1  2  3  4  5  6 |
---------------+-------------------+-----
Shields        | 4 5 |  5.5
Dodging        | 1 2 |  2.7
Axes           | 3 |  3.1
Short Blades   | 1 2 3 |  3.8
Fighting       | |  3.2
Armour         | |  3.2

Action                   |  1- 3 |  4- 6 |  7- 9 || total
-------------------------+-------+-------+-------++-------
Melee: War axe           |   113 |    68 |       ||   181
       Dagger            |     5 |    89 |     4 ||    98
 Abil: Shaft Self        |     1 |     3 |       ||     4
       Dig               |       |     1 |       ||     1
  Use: Potion            |       |     3 |     2 ||     5
Armor: Scale mail        |    46 |    52 |     2 ||   100
Dodge: Dodged            |    47 |    50 |     1 ||    98
Block: Kite shield       |    77 |    80 |     4 ||   161

Table legend: (Time is in decaauts)
 A = Elapsed time spent in this place.
 B = Non-inter-level travel time spent in this place.
 C = Inter-level travel time spent in this place.
 D = Time resting spent in this place.
 E = Time spent auto-exploring this place.
 F = Levels seen in this place.
 G = Mean time per level.
                   A        B        C        D        E       F      G
               +--------+--------+--------+--------+--------+-----+--------+
         Total |   5110 |   4916 |    194 |    798 |   3392 |   8 |  638.8 |
       Dungeon |   5110 |   4916 |    194 |    798 |   3392 |   8 |  638.8 |
               +--------+--------+--------+--------+--------+-----+--------+

Top non-repeatable levels by time:
     D:2: 1507 daAuts
     D:3: 1456 daAuts
     D:1: 990 daAuts
     D:4: 660 daAuts
     D:9: 289 daAuts
     D:5: 183 daAuts
    D:10: 12 daAuts
     D:7: 8 daAuts
